AoeStats
← NutellaBreakfast

Arabia

507958517Analyzed
1v1 RM · 13d ago on Sep 20, 2026· 58m 8s· 2 players
Game mode
Random Map
Map size
Tiny (2 player)
Population
200
Speed
Normal
Resources
Standard
Victory
Conquest
Starting age
Dark Age
Ending age
Imperial Age
RankedLock teamsTeams togetherTeam positionsShared explorationLock speedFull tech treeHidden civsTurbo modeCheats
Victory
Defeat
🇩🇪 Magyars · Germany
1188
+14
🇩🇪 Poles · Germany
1150
-14
NutellaBreakfast
7:06 Loom
10:17 Feudal Age
11:07 Double-Bit Axe
11:35 Man-at-Arms
13:33 Horse Collar
22:11 Castle Age
20:28 Gold Mining
21:42 Bloodlines
21:26 Fletching
23:14 Bow Saw
23:19 Bodkin Arrow
24:38 Wheelbarrow
25:50 Padded Archer Armor
27:28 Heavy Plow
29:44 Husbandry
30:03 Leather Archer Armor
31:39 Ballistics
32:43 Hand Cart
36:21 Scale Mail Armor
40:44 Imperial Age
38:01 Town Watch
39:39 Chain Mail Armor
39:29 Scale Barding Armor
40:12 Thumb Ring
39:45 Light Cavalry
39:56 Pikeman
41:25 Hussar
41:30 Heavy Cavalry Archer
42:36 Parthian Tactics
42:13 Bracer
43:15 Chemistry
44:30 Ring Archer Armor
44:21 Chain Barding Armor
44:38 Halberdier
51:53 Conscription
51:34 Recurve Bow
55:30 Corvinian Army
58:33 Hoardings
davewood_blue
9:40 Feudal Age
7:56 Loom
10:55 Double-Bit Axe
12:12 Bloodlines
12:36 Horse Collar
18:24 Castle Age
16:47 Gold Mining
17:52 Stone Mining
18:44 Scale Barding Armor
21:06 Forging
25:08 Husbandry
26:48 Light Cavalry
28:21 Chain Barding Armor
29:05 Bow Saw
29:00 Heavy Plow
31:07 Wheelbarrow
30:20 Town Watch
32:00 Iron Casting
32:24 Hand Cart
32:44 Town Patrol
36:28 Imperial Age
36:59 Padded Archer Armor
36:52 Fletching
36:32 Winged Hussar
38:29 Conscription
40:35 Blast Furnace
40:44 Ballistics
41:26 Chemistry
41:32 Chemistry
40:55 Bodkin Arrow
40:40 Elite Skirmisher
42:06 Bracer
42:06 Padded Archer Armor
43:11 Treadmill Crane
43:41 Masonry
45:18 Thumb Ring
46:33 Lechitic Legacy
46:42 Leather Archer Armor
48:23 Siege Engineers
48:49 Murder Holes
51:11 Szlachta Privileges
50:36 Cavalier
54:06 Crop Rotation
Connection lost

Rejoining the realm…

Still unreachable

The connection could not be restored.

Session expired

The server has moved on; the page needs a fresh start.